 Dungeon Sprint DCSS version 0.30-a0-43-gbbf338a72c (webtiles) character file.

Game seed: 16969986402410107434

1222 ytrimaz the Martial Artist (level 8, -17/112 HPs)
             Began as an Octopode Transmuter on Aug 31, 2022.
             Was a Follower of Jiyva.
             Demolished by an ironbound preserver
             ... wielding a +0 mace
              (22 damage)
             ... in the Dungeon (Sprint V: "Ziggurat Sprint").
             The game lasted 00:02:55 (391 turns).

ytrimaz the Martial Artist (Octopode Transmuter)     Turns: 391, Time: 00:02:56

Health: -17/112    AC:  0    Str: 21    XL:     8   Next: 47%
Magic:  14/19      EV: 13    Int: 30    God:    Jiyva [*.....]
Gold:   0          SH:  0    Dex: 24    Spells: 12/22 levels left

rFire   x . .      SeeInvis .      - Unarmed
rCold   + + +      Faith    .    (shield currently unavailable)
rNeg    . . .      Spirit   .    (helmet currently unavailable)
rPois   +          Reflect  .    (no amulet)
rElec   .          Harm     .    s - +6 ring of intelligence
rCorr   .          Rampage  .    t - +6 ring of intelligence
Will    .....      NoTele   +    r - +6 ring of dexterity
Stlth   ..........               q - +6 ring of dexterity
HPRegen 1.08/turn                u - +6 ring of strength
MPRegen 0.41/turn                v - +6 ring of strength
                                 p - ring of flight
                                 (no ring)

@: mighty, berserking, ice-form, marked, corroded, flying, hasted, invisible,
very quick
A: freezing attack, boosted hp, almost no armour, amphibious, 8 rings, large,
(camouflage 1), (gelatinous body 1), (nimble swimmer 1), (tentacles)
a: End Transformation, Renounce Religion


You were in the Dungeon.
You worshipped Jiyva.
Jiyva was aware of your devotion.
You were a creature of crystalline ice.
You visited 1 branch


Innate Abilities, Weirdness & Mutations

You are a creature of crystalline ice.
You have a powerful freezing melee attack.
Your maximum health is increased.
Your armour is entirely melded.
You are incapable of wielding weapons or throwing items.
You cannot wear most types of armour.
You are amphibious.
You can wear up to eight rings at the same time.
((Your skin changes colour to match your surroundings (Stealth+).))
((Your rubbery body absorbs attacks. (AC +1, EV +1)))
((You are camouflaged when in or above water. (Stealth+)))
((You have tentacles for arms and can constrict up to eight enemies at once.))


   Skills:
 - Level 9.0 Fighting
 + Level 5.1 Dodging
 + Level 10.2 Unarmed Combat
 + Level 7.9 Spellcasting
 - Level 7.0 Transmutations
 - Level 4.0 Ice Magic
 - Level 4.0 Poison Magic


You had 12 spell levels left.
You knew the following spells:

 Your Spells              Type           Power      Damage    Failure   Level
a - Beastly Appendage     Tmut           100%       N/A       1%          1
b - Wereblood             Tmut           53%        N/A       1%          2
c - Spider Form           Tmut/Pois      45%        N/A       1%          3
d - Ice Form              Ice/Tmut       45%        N/A       4%          4

Your spell library contained the following spells:

 Spells                   Type           Power      Damage    Failure   Level
 Corpse Rot               Necr/Pois/Air  19%        N/A       26%         4
 Dispel Undead            Necr           11%        3d9       41%         4
 Death Channel            Necr           5%         N/A       100%        6

Inventory:

Hand Weapons
 x - a +5 quick blade {shortrare=g}
   (You found it in the Dungeon)
 y - a +5 executioner's axe {axerare=g}
   (You found it in the Dungeon)
 z - a +5 triple sword {longrare=g}
   (You found it in the Dungeon)
 A - a +5 double sword {longrare=g}
   (You found it in the Dungeon)
Armour
 B - a +5 crystal plate armour {rare=g}
   (You found it in the Dungeon)
Magical Staves
 a - a staff of air {!astaff}
   (You found it in the Dungeon)
Jewellery
 p - a ring of flight (on tentacle)
   (You found it in the Dungeon)
 q - a +6 ring of dexterity (on tentacle)
   (You found it in the Dungeon)
 r - a +6 ring of dexterity (on tentacle)
   (You found it in the Dungeon)
 s - a +6 ring of intelligence (left front paw)
   (You found it in the Dungeon)
 t - a +6 ring of intelligence (right front paw)
   (You found it in the Dungeon)
 u - a +6 ring of strength (on tentacle)
   (You found it in the Dungeon)
 v - a +6 ring of strength (on tentacle)
   (You found it in the Dungeon)
Wands
 m - a wand of mindburst (7)
   (You found it in the Dungeon)
 n - a wand of iceblast (7)
   (You found it in the Dungeon)
 o - a wand of light (7)
   (You found it in the Dungeon)
Scrolls
 g - a scroll of blinking {!r}
Potions
 b - 10 potions of curing {@q1}
 c - 8 potions of heal wounds {@q2}
 d - 8 potions of haste {@q3}
 e - 7 potions of magic
 f - 2 potions of berserk rage {!q}
 h - 2 potions of brilliance
 i - a potion of invisibility
 j - 4 potions of resistance
 l - 4 potions of might
Miscellaneous
 w - a lightning rod (4/4)
   (You found it in the Dungeon)

Dungeon Overview and Level Annotations

Branches:
Dungeon (1/1) Zot: 27000

Altars:
Ashenzari
Cheibriados
Dithmenos
Elyvilon
Fedhas
Gozag
Hepliaklqana
Kikubaaqudgha
Makhleb
Nemelex Xobeh
Okawaru
Qazlal
Ru
Sif Muna
Trog
Uskayaw
Vehumet
Wu Jian
Xom
Yredelemnul
Zin
The Shining One
Jiyva
Lugonu

Annotations:
D 1 transporter

▓..©..▓..©..▓▓▓▓▓▓▓
▓▓▓▓▓▓▓▓▓▓▓▓▓▓
▓..8©8...▓
▓..}[=...▓
▓...)....▓
▓........▓
........▓
▓.▓p†).▓.▓
▓...Y†...▓
▓▓▓▓▓▓▓▓▓▓


You could see an ironbound preserver (unable to see you).


Message History

[Y]es or [N]o only, please.
The spell is quite dangerous to miscast (12% risk of failure)!
Continue anyway?
You turn into a creature of crystalline ice.
The ironbound preserver shouts!
The harpy screeches! 😎 HP[+7] MP[-4]
You now have 45 max hp (+7).
Your hp is fully restored (45).
You lost 4 mp, and now have 11/15 mp.
Unknown command.
You fade into invisibility! 😎 MP[+1]
You feel very mighty all of a sudden. The harpy closely misses you. x2
The entropy weaver points at you and mumbles some strange words.
The entropic weave corrodes you!
You feel yourself speed up. The harpy claws you! The harpy closely misses you.
The harpy barely misses you. The harpy claws you!
The entropy weaver hits you but does no damage.
The entropy weaver closely misses you. x2; The entropy weaver hits you. 😮 HP[-20]
You take 20 damage, and now have 25/45 hp.
MASSIVE DAMAGE!! (PAUSE) Really quaff
f - 3 potions of berserk rage {!q}?
Okay, then.
Unknown command.
Unknown command.
Really quaff
f - 3 potions of berserk rage {!q}?
A red film seems to cover your vision as you go berserk!
You feel yourself moving faster!
You feel mighty! The harpy misses you.
The harpy claws you but does no damage. 😮 HP[+14] MP[+1]
You now have 68 max hp (+23).
You regained 14 hp, and now have 39/68 hp.
Unknown command.
Unknown command.
You pummel the entropy weaver!! You freeze the entropy weaver!
The harpy barely misses you. x2
The entropy weaver points at you and mumbles some strange words.
The entropic weave corrodes you! 😮 HP[+1]
You pummel the entropy weaver!! You freeze the entropy weaver!
You kill the entropy weaver!
The vault sentinel casts a spell at you.
A sentinel's mark forms upon you.
The ironbound preserver hits you with a +0 mace.
The harpy barely misses you. The harpy claws you!
* * * LOW HITPOINT WARNING * * *
Training target 4.0 for Poison Magic reached!
Training target 4.0 for Ice Magic reached!
Training target 9.0 for Fighting reached!
Your Fighting skill gained 8 levels and is now at level 9!
Your Ice Magic skill gained 4 levels and is now at level 4!
Your Poison Magic skill gained 4 levels and is now at level 4!
You need to enable at least one skill for training.
Your Dodging skill increases to level 3!
Your Spellcasting skill increases to level 7!
You have reached level 7!
You have reached level 8! 😨 HP[-1]
You now have 112 max hp (+44).
Unknown command.
Unknown command.
You punch the harpy! You freeze the harpy. The harpy claws you!
* * * LOW HITPOINT WARNING * * *
The harpy barely misses you.
The vault sentinel hits you with a +0 morningstar!
* * * LOW HITPOINT WARNING * * *
The ironbound preserver hits you with a +0 mace.
* * * LOW HITPOINT WARNING * * *
😱 HP[-29]
You take 29 damage, and now have 10/112 hp.
MASSIVE DAMAGE!! (PAUSE)
You catch the helpless harpy completely off-guard!
You hit the harpy. You freeze the harpy. The harpy claws you.
* * * LOW HITPOINT WARNING * * *
The harpy closely misses you. 😱 HP[-4]
You take 4 damage, and now have 6/112 hp.
Unknown command.
Unknown command.
Unknown command.
You punch the vault sentinel! You freeze the vault sentinel.
The vault sentinel blows a loud note on a signal horn!
The ironbound preserver barely misses you. 😱 HP[+1] MP[+1] Unknown command.
You pummel the vault sentinel!! You freeze the vault sentinel!
You kill the vault sentinel!
The harpy closely misses you. The harpy barely misses you.
The harpy closely misses you. The harpy claws you.
* * * LOW HITPOINT WARNING * * *
Your Dodging skill gained 2 levels and is now at level 5!
Your Unarmed Combat skill increases to level 10! 😱 HP[-2]
You take 2 damage, and now have 5/112 hp.
Unknown command.
Unknown command.
You pummel the harpy!! You freeze the harpy!
You kill the harpy!
The ironbound preserver hits you with a +0 mace!!
You die...

Skill      XL: |  1  2  3  4  5  6  7  8 |
---------------+-------------------------+-----
Spellcasting   | 5 6 7 |  7.9
Transmutations | 5 6 7 |  7.0
Unarmed Combat | 4 9 10 | 10.2
Fighting       | 9 |  9.0
Ice Magic      | 4 |  4.0
Poison Magic   | 4 |  4.0
Dodging        | 3 5 |  5.1

Action                   |  1- 3 |  4- 6 |  7- 9 || total
-------------------------+-------+-------+-------++-------
Melee: Unarmed           |    19 |    15 |     5 ||    39
 Cast: Beastly Appendage |     1 |       |       ||     1
       Spider Form       |     2 |       |       ||     2
       Ice Form          |       |     1 |       ||     1
  Use: Potion            |     3 |     6 |       ||     9
 Stab: Invisible         |       |       |     1 ||     1
Armor: Skin              |    31 |     2 |       ||    33
Dodge: Dodged            |    15 |    18 |     6 ||    39

Levels and vault maps discovered:
D:        sprint_v [room_start, room_1, room_2, room_3, room_4, room_5, room_6,
          room_7, room_8, room_9, room_10, room_11, room_12, room_13, room_14,
          room_15, room_16, room_17, room_18, room_19, room_20, room_21,
          room_22, room_23, room_24, room_25, room_26, room_27]

Notes
Turn   | Place    | Note
-------+----------+-------------------------------------------
     0 | D        | ytrimaz the Octopode Transmuter began the quest for the
                  | Orb.
     0 | D        | Reached XP level 1. HP: 13/13 MP: 3/3
     0 | D        | magus.rc [v1.9.6]
     0 | D        | Found a blossoming altar of Fedhas.
     0 | D        | Found the +6 Majin-Bo {vamp, MP+6 Int+6}
     0 | D        | Found the +9 heavy crossbow "Sniper" {vorpal, Acc+∞ SInv}
     0 | D        | Found the +10 dark maul {vorpal}
     0 | D        | Found the +15 Maxwell's patent armour {-Cast -Tele rElec
                  | Will+ rCorr}
     0 | D        | Found the +18 shield of the Gong {rElec rN+ Will+ EV-5}
     0 | D        | Found the +14 obsidian axe {vorpal, Mesm Drain Fly SInv}
     0 | D        | Found the +7 great mace "Firestarter" {inner flame, rF++}
     0 | D        | Found the +6 shillelagh "Devastator" {shatter}
     0 | D        | Found the +11 plutonium sword {Contam Stlth-}
     0 | D        | Found the +8 lance "Wyrmbane" {slay drac, rPois rF+ rC+
                  | AC+3}
     0 | D        | Found the +9 sword of Zonguldrok {reap}
     0 | D        | Found the +13 scythe of Curses {drain, Drain}
     0 | D        | Found the +5 sword of Power {vorpal}
     0 | D        | Found the +7 mace of Variability {chain chaos}
     0 | D        | Found the +7 Singing Sword {vorpal, sonic wave}
     0 | D        | Found the +8 storm bow {elec, penet}
     1 | D        | Found a shimmering blue altar of Sif Muna.
     1 | D        | Found a sacrificial altar of Ru.
     1 | D        | Found a bloodstained altar of Trog.
     1 | D        | Found a stormy altar of Qazlal.
     1 | D        | Found an iron altar of Okawaru.
     1 | D        | Found a sparkling altar of Nemelex Xobeh.
     7 | D        | Found a corrupted altar of Lugonu.
     7 | D        | Found an ancient bone altar of Kikubaaqudgha.
     7 | D        | Found a burning altar of Makhleb.
     7 | D        | Found a transporter.
     7 | D        | Found a viscous altar of Jiyva.
     7 | D        | Found a hazy altar of Hepliaklqana.
    21 | D        | Found an opulent altar of Gozag.
    41 | D        | x - a +5 quick blade {shortrare=g}
    45 | D        | y - a +5 executioner's axe {axerare=g}
    49 | D        | z - a +5 triple sword {longrare=g}
    49 | D        | A - a +5 double sword {longrare=g}
    58 | D        | B - a +5 crystal plate armour {rare=g}
    69 | D        | Became a worshipper of Jiyva Juozur the Shapeless
    71 | D        | Reached skill level 5 in Spellcasting
    71 | D        | Reached skill level 5 in Transmutations
    71 | D        | Reached XP level 2. HP: 18/18 MP: 4/8
    74 | D        | Entered arena 2.
    74 | D        | Found a transporter.
    75 | D        | Killed a culicivora
    75 | D        | Killed a shock serpent
    86 | D        | Reached skill level 6 in Transmutations
    86 | D        | Reached XP level 3. HP: 16/23 MP: 5/10
    87 | D        | Killed a hornet
    88 | D        | Killed a manticore
    89 | D        | Killed a water nymph
   114 | D        | Killed a floating eye
   125 | D        | Killed a sea snake
   132 | D        | Killed a swamp dragon
   136 | D        | Killed a golden eye
   171 | D        | Killed a wolf
   177 | D        | Killed a bunyip
   197 | D        | Killed a naga
   299 | D        | Learned a level 2 spell: Wereblood
   303 | D        | Learned a level 3 spell: Spider Form
   306 | D        | Entered arena 3.
   306 | D        | Noticed a golden eye
   306 | D        | Found a transporter.
   313 | D        | Entered arena 4.
   313 | D        | Noticed a yak
   313 | D        | Reached * piety under Jiyva
   313 | D        | Found a transporter.
   322 | D        | Reached skill level 6 in Spellcasting
   330 | D        | HP: 5/23 [river rat (6)]
   331 | D        | Reached skill level 4 in Unarmed Combat
   331 | D        | Reached XP level 4. HP: 6/28 MP: 10/12
   333 | D        | You pick up a book of Decay and begin reading...
   333 | D        | You add the spells Corpse Rot, Dispel Undead and Death
                  | Channel to your library.
   337 | D        | HP: 3/28 [river rat (6)]
   348 | D        | Reached skill level 7 in Transmutations
   352 | D        | Killed a yak
   353 | D        | Reached skill level 9 in Unarmed Combat
   353 | D        | Reached XP level 5. HP: 29/33 MP: 13/13
   353 | D        | Reached XP level 6. HP: 34/38 MP: 15/15
   372 | D        | Killed a swamp worm
   376 | D        | Learned a level 4 spell: Ice Form
   379 | D        | Entered arena 5.
   379 | D        | Noticed an ironbound preserver
   379 | D        | Noticed an entropy weaver
   379 | D        | Noticed a harpy
   379 | D        | Noticed a vault sentinel
   379 | D        | Found a transporter.
   386 | D        | Killed an entropy weaver
   387 | D        | Reached skill level 9 in Fighting
   387 | D        | Reached skill level 4 in Ice Magic
   387 | D        | Reached skill level 4 in Poison Magic
   387 | D        | Reached skill level 3 in Dodging
   387 | D        | Reached skill level 7 in Spellcasting
   387 | D        | Reached XP level 7. HP: 36/57 MP: 13/17
   387 | D        | Reached XP level 8. HP: 39/63 MP: 13/18
   387 | D        | HP: 28/112 [harpy (12)]
   387 | D        | HP: 10/112 [ironbound preserver/+0 mace (4)]
   390 | D        | Killed a vault sentinel
   391 | D        | Reached skill level 5 in Dodging
   391 | D        | Reached skill level 10 in Unarmed Combat
   391 | D        | Killed a harpy
   391 | D        | Demolished by an ironbound preserver

Vanquished Creatures
  An entropy weaver (D)
  A harpy (D)
  A vault sentinel (D)
  A yak (D)
  A quasit (D)
  An iguana (D)
  2 river rats (D)
  A white imp (D)
9 creatures vanquished.

Vanquished Creatures (others)
  A bunyip (shapeshifter) (D)
  A shock serpent (shapeshifter) (D)
  A sea snake (shapeshifter) (D)
  A swamp dragon (shapeshifter) (D)
  A manticore (shapeshifter) (D)
  A water nymph (shapeshifter) (D)
  A hornet (shapeshifter) (D)
  A golden eye (shapeshifter) (D)
  A culicivora (shapeshifter) (D)
  A swamp worm (shapeshifter) (D)
  A naga (shapeshifter) (D)
  A floating eye (shapeshifter) (D)
  A wolf (shapeshifter) (D)
13 creatures vanquished.

Grand Total: 22 creatures vanquished

Table legend:
 A = Non-vault XP
 B = Vault XP
 C = Vault XP percentage of total XP
 D = Non-vault monster count
 E = Vault monster count
 F = Vault count percentage of total count
                 A         B        C        D         E       F
            +---------+---------+-------+---------+---------+-------
      Total |       0 |    2274 | 100.0 |       0 |       9 | 100.0
            +---------+---------+-------+---------+---------+-------
          D |       0 |    2274 | 100.0 |       0 |       9 | 100.0
            +---------+---------+-------+---------+---------+-------

Illustrated notes

Table legend:
 A = Kills in this place as a percentage of kills in entire the game.
 B = Kills by you in this place as a percentage of kills by you in the entire game.
 C = Kills by friends in this place as a percentage of kills by friends in the entire game.
 D = Other kills in this place as a percentage of other kills in the entire game.
 E = Experience gained in this place as a percentage of experience gained in the entire game.
 F = Experience gained in this place divided by the number of levels of this place that you have seen.
                   A       B       C       D       E      F
               +-------+-------+-------+-------+-------+----------------------
         Total | 100.0 | 100.0 |   N/A |   N/A | 100.0 | 2274.0
       Dungeon | 100.0 | 100.0 |   N/A |   N/A | 100.0 | 2274.0
               +-------+-------+-------+-------+-------+----------------------

Table legend: (Time is in decaauts)
 A = Elapsed time spent in this place.
 B = Non-inter-level travel time spent in this place.
 C = Inter-level travel time spent in this place.
 D = Time resting spent in this place.
 E = Time spent auto-exploring this place.
 F = Levels seen in this place.
 G = Mean time per level.
                   A        B        C        D        E       F      G
               +--------+--------+--------+--------+--------+-----+--------+
         Total |    366 |    366 |      0 |    198 |      1 |   1 |  366.0 |
       Dungeon |    366 |    366 |      0 |    198 |      1 |   1 |  366.0 |
               +--------+--------+--------+--------+--------+-----+--------+

Top non-repeatable levels by time:
       D: 366 daAuts
